AoeStats
← SSBARTO EL MANO LARGA

MegaRandom

510250650Analyzed
2v2 RM · 12h ago on Sep 30, 2026· 30m 37s· 4 players
Game mode
Random Map
Map size
Medium (4 player)
Population
200
Speed
Normal
Resources
Standard
Victory
Conquest
Starting age
Dark Age
Ending age
Imperial Age
RankedLock teamsTeams togetherTeam positionsShared explorationLock speedFull tech treeHidden civsTurbo modeCheats
Victory
Defeat
🇺🇸 Jurchens · United States
1419
+16
🇺🇸 Khmer · United States
1419
+16
1512
-19
🇭🇳 Mongols · Honduras
1336
-13
1PONY
6:58 Loom
9:55 Feudal Age
10:49 Double-Bit Axe
17:28 Town Watch
19:22 Bloodlines
19:47 Forging
20:48 Horse Collar
23:51 Castle Age
23:43 Wheelbarrow
24:37 Husbandry
23:58 Light Cavalry
25:18 Gold Mining
26:01 Bow Saw
26:20 Scale Barding Armor
30:06 Chain Barding Armor
syrinx2112
5:01 Loom
8:07 Feudal Age
12:07 Double-Bit Axe
14:21 Horse Collar
19:14 Town Watch
20:04 Wheelbarrow
22:49 Castle Age
21:46 Bloodlines
22:20 Scale Barding Armor
22:29 Gold Mining
24:58 Heavy Plow
25:11 Bow Saw
25:16 Forging
28:04 Chain Barding Armor
30:20 Iron Casting
SSBARTO EL MANO LARGA
4:54 Loom
10:05 Feudal Age
11:37 Double-Bit Axe
15:53 Bloodlines
24:02 Castle Age
22:01 Horse Collar
23:25 Gold Mining
25:21 Bow Saw
26:03 Forging
Francisco Morazán
5:50 Loom
8:03 Feudal Age
12:28 Double-Bit Axe
23:39 Castle Age
22:27 Bloodlines
22:42 Scale Barding Armor
22:59 Horse Collar
26:31 Husbandry
30:20 Chain Barding Armor
Connection lost

Rejoining the realm…

Still unreachable

The connection could not be restored.

Session expired

The server has moved on; the page needs a fresh start.